 Dungeon Crawl Stone Soup version 0.17.0-24-gcfadda4 (webtiles) character file.

192 M4edhros the Charlatan (level 5, -2/33 HPs)
             Began as an Octopode Artificer on Nov 16, 2015.
             Slain by an ogre
             ... wielding a +0 giant club
              (34 damage)
             ... on level 5 of the Dungeon.
             The game lasted 00:03:55 (1478 turns).

M4edhros the Charlatan (Octopode Artificer)         Turns: 1478, Time: 00:03:55

Health: -2/33      AC:  1    Str: 11    XL:     5   Next: 71%
Magic:  10/17      EV: 13    Int: 14    God:
Gold:   114        SH:  0    Dex: 20    Spells: 1 memorised, 4 levels left

rFire  . . .     SeeInvis .     s - +4 trident "Ystreoh" {pierce, MR- MP+9 Dex+7}
rCold  . . .     Clarity  .     (no shield)
rNeg   . . .     SustAt   .     (helmet restricted)
rPois  .         Gourm    .     (no amulet)
rElec  .         Spirit   .     (no ring)
rCorr  .         Warding  .     (no ring)
rMut   .         Stasis   .     (no ring)
MR     .....                    (no ring)
Stlth  ++++......               (no ring)
                                (no ring)
                                (no ring)
                                (no ring)

@: not resistant to hostile enchantments, stealthy
A: almost no armour, amphibious, 8 rings, constrict 8, camouflage 1, gelatinous
body 1
a: no special abilities


You were on level 5 of the Dungeon.
You were hungry.

You visited 1 branch of the dungeon, and saw 5 of its levels.

You collected 114 gold pieces.

Inventory:

Hand Weapons
 f - a +3 whip
 h - a +1 dagger of venom
 s - the +4 trident "Ystreoh" (weapon) {pierce, MR- MP+9 Dex+7}
   (You found it on level 5 of the Dungeon)

   It inflicts extra damage upon your enemies.
   It affects your dexterity (+7).
   It affects your resistance to hostile enchantments.
   It affects your magic capacity (+9).
Missiles
 k - 18 sling bullets of flame
Wands
 b - a wand of flame (8)
 c - a wand of enslavement (14)
 d - a wand of random effects (1)
Scrolls
 a - a scroll of recharging {unknown}
 i - 3 scrolls of remove curse {unknown}
 m - a scroll of identify {unknown}
 o - a scroll of enchant armour {unknown}
 p - 3 scrolls of teleportation {unknown}
 r - a scroll of enchant weapon {unknown}
Potions
 j - a potion of beneficial mutation {unknown}
 n - a potion of haste {unknown}
 q - a potion of invisibility {unknown}
Books
 l - a book of Maledictions

   Spells                             Type                      Level
   a - Corona                         Hexes                        1
   b - Ensorcelled Hibernation        Hexes/Ice                    2
   c - Confuse                        Hexes                        3
   d - Tukima's Dance                 Hexes                        3
   e - Dazzling Spray                 Conjuration/Hexes            3
Comestibles
 e - a bread ration
 g - a slice of pizza


   Skills:
 - Level 1.0 Fighting
 - Level 1.0 Short Blades
 - Level 2.0 Dodging
 * Level 4.6 Stealth
 + Level 1.0 Spellcasting
 + Level 1.1 Hexes
 + Level 1.3 Ice Magic
 * Level 5.0 Evocations


You had 4 spell levels left.
You knew the following spells:

 Your Spells              Type           Power        Failure   Level  Hunger
a - Ensorcelled Hibernat  Hex/Ice        #.....       30%         2    ###....


Dungeon Overview and Level Annotations

Branches:
Dungeon (5/15)
 Temple: D:4-7

Altars:
Dithmenos
Gozag

Shops:
D:4 [

Annotations:
D:5 Grinder


Innate Abilities, Weirdness & Mutations

You cannot wear most types of armour.
You are amphibious.
You can wear up to eight rings at the same time.
You can use your tentacles to constrict eight enemies at once.
Your skin changes colour to match your surroundings (Stealth).
Your rubbery body absorbs attacks (AC +1).


Message History

Press: ? - help, Shift-Dir - straight line, f/p - ogre
Aim: an ogre, wielding a giant club (heavily wounded)
The puff of flame hits the ogre.
The ogre is almost dead.
This wand has 9 charges left.
Evoke which item? (* to show all) (? for menu, Esc to quit)
Zapping:
b - a wand of flame (9)
Press: ? - help, Shift-Dir - straight line, f/p - ogre
Aim: an ogre, wielding a giant club (almost dead)
The puff of flame hits the ogre.
The ogre is almost dead.
This wand has 8 charges left.
The ogre hits you with a giant club.
You closely miss the ogre.
The ogre is almost dead.
The ogre closely misses you.
You hit the ogre.
The ogre is almost dead.
The ogre hits you with a giant club!!
Ouch! That really hurt!
You die...

..###.# ##..
##.# #O##....$
.. #.#.O##.# #
#.#.# #.# ##...#
#.# ##...####.##
#..........##
#....#.........#
#....#....).O@.#
...............#
#.............##
..>[...#...#.##
##.#.####...#
#.#. ...## #
#... #... #...


You could see an ogre.

Vanquished Creatures
  An ice beast (D:5)
  A crimson imp (D:5)
  An adder (D:3)
  An adder skeleton (D:4)
  A worm (D:4)
  5 giant geckos
  4 orcs
  2 bats
  2 giant cockroaches
  5 hobgoblins
  2 kobolds
  A giant newt (D:4)
  4 goblins
  3 rats
33 creatures vanquished.

Vanquished Creatures (others)
  An ogre (D:5)
1 creature vanquished.

Grand Total: 34 creatures vanquished

Notes
Turn   | Place    | Note
--------------------------------------------------------------
     0 | D:1      | M4edhros the Octopode Artificer began the quest for the Orb.
     0 | D:1      | Reached XP level 1. HP: 13/13 MP: 3/3
   109 | D:1      | Reached XP level 2. HP: 4/18 MP: 4/4
   622 | D:2      | Reached skill level 4 in Evocations
   665 | D:2      | Reached XP level 3. HP: 11/23 MP: 6/6
  1082 | D:4      | Found an opulent altar of Gozag.
  1160 | D:4      | Found Otiliris's Antique Armour Emporium.
  1173 | D:4      | Learned a level 2 spell: Ensorcelled Hibernation
  1277 | D:5      | Entered Level 5 of the Dungeon
  1280 | D:5      | Noticed an ice beast
  1284 | D:5      | Reached XP level 4. HP: 28/28 MP: 7/7
  1286 | D:5      | Killed an ice beast
  1286 | D:5      | Reached skill level 1 in Spellcasting
  1286 | D:5      | Reached skill level 1 in Hexes
  1286 | D:5      | Reached skill level 1 in Ice Magic
  1286 | D:5      | Reached XP level 5. HP: 33/33 MP: 8/8
  1393 | D:5      | Found a shadowy altar of Dithmenos.
  1396 | D:5      | Noticed Grinder
  1402 | D:5      | Paralysed by something for 7 turns
  1414 | D:5      | Noticed a sky beast
  1441 | D:5      | Noticed an ogre
  1456 | D:5      | Noticed an ogre
  1464 | D:5      | Got a translucent trident
  1465 | D:5      | Identified the +4 trident "Ystreoh" {pierce, MR- MP+9 Dex+7} (You found it on level 5 of the Dungeon)
  1472 | D:5      | an ogre (ally) was killed
  1472 | D:5      | Reached skill level 5 in Evocations
  1478 | D:5      | Slain by an ogre

Action                   |  1- 3 |  4- 6 || total
-------------------------+-------+-------++-------
Melee: Short sword       |    20 |       ||    20
       Whip              |    13 |       ||    13
       Dagger            |    17 |     1 ||    18
       Trident           |       |     2 ||     2
Evoke: Wand              |     5 |    17 ||    22
 Stab: Sleeping          |    11 |       ||    11
       Distracted        |     2 |       ||     2
  Eat: Chunk             |     1 |       ||     1
